← All builds
Geo sea / Cortex / Economy first / OBSERVED BUILD

Standard geo sea

The role's default economy-first play: bot lab then shipyard in the cove, quick frigate/submarine/destroyer navy to contest sea and hold the coast, transitioning into whatever the sea fight needs.

Usually shipyard in the cove (98%)

#naval #eco · 897 distinct matches · 97 players · 83% of Cortex Geo sea games · team won 52% of 1005 · Recently observed

HOW TO PLAY IT

Key timing: Shipyard by 3:18

  1. Open 3 mex, wind and solar, then Bot Lab.
  2. Get a BP and costal torpedo launcher up before the Shipyard.
  3. Put up Shipyard once you can defend it.
  4. Push out "submarine" and "frigate" to contest the sea.
  5. Add geothermal to fund the fleet transition into "destroyer", "missile corvette".

Phase by phase

TYPICAL OF ITS 897 GAMES
  1. 1
  2. 2
  3. 3
  4. 4
PLAY THE OPENING

Follow the example game's first 6:00 step by step: what to build now, what comes next, and where it goes. At 1× it keeps pace with your own game.

  1. 1

    Up to the Bot Lab

    Economy
    • Metal Extractor3Mex
    • Wind Turbine3Wind
    Order
    1. Bot LabBot Lab after 3 mex, 3 winddone ~1:12, middle half 1:06–1:26

    Some games also: wind for allies (49%)

    By 0:55 in all: 3 mex · 3 wind

    The example game in this phase · 4 steps
    1. Mex ×3
    2. Wind ×2
    3. Windfor Air
    4. Bot LabBot Labdone 1:05 · typical 1:12
  2. 2

    Bot Lab to Shipyard

    Economy
    • Metal Extractor1Mex
    • Wind Turbine2Wind
    Order
    1. ShipyardShipyard after 4 mex, 5 wind, 1 energy storagedone ~3:17, middle half 3:03–3:33
    Builders
    • Construction Bot3 Con bot
    • Graverobber2 Graverobber
    Army
    • Grunt1 Grunt

    Some games also: con turret (47%) · trasher (39%) · energy storage (34%) · wind for allies (33%)

    By 2:52 in all: 4 mex · 5 wind · 1 energy storage

    The example game in this phase · 17 steps
    1. Windfor Air
    2. GraverobberGraverobber ×2
    3. Wind ×3
    4. Construction BotCon bot
    5. Wind
    6. Construction BotCon bot
    7. Con turret
    8. Wind
    9. GraverobberGraverobber
    10. Wind
    11. Energy storage
    12. TrasherTrasher ×2
    13. Wind
    14. GraverobberGraverobber
    15. Mex
    16. GruntGrunt
    17. ShipyardShipyarddone 3:51 · typical 3:17
  3. 3

    Shipyard to 5:00

    Economy
    • Metal Extractor4Mex
    Builders
    • Construction Ship1 Con ship
    Army
    • Riptide2 Frigate
    • Orca1 Submarine
    Other
    • Radar Tower1 Radar Tower

    Some games also: Guard (50%) · wind (48%) · missile corvette (47%) · destroyer (46%) · gunboat (41%)

    By 5:00 in all: 8 mex · 6 wind · 1 energy storage · 1 con turret

    The example game in this phase · 20 steps
    1. GruntGrunt ×4
    2. Mex
    3. GuardGuard
    4. GruntGrunt
    5. Converter
    6. GruntGrunt
    7. Construction ShipCon ship
    8. GruntGrunt
    9. Mex
    10. Converter
    11. GruntGrunt
    12. GuardGuard
    13. GruntGrunt
    14. GuardGuard
    15. SupporterGunboat
    16. Converter
    17. SupporterGunboat
    18. Mex
    19. Converter
    20. SupporterGunboat ×2
  4. 4

    5:00 to 10:00

    Economy
    • Metal Extractor2Mex
    • Wind Turbine8Wind
    • Energy Converter1Converter
    Builders
    • Construction Turret1 Con turret
    • Death Cavalry2 Death Cavalry
    • Construction Ship1 Con ship
    Army
    • Guard2 Guard
    • Riptide5 Frigate
    • Herring2 Missile corvette
    Other
    • Naval Radar / Sonar Tower2 Naval Radar / Sonar Tower

    Some games also: geo (48%) · Thistle (42%) · submarine (33%)

    By 10:00 in all: 10 mex · 15 wind · 1 geo · 4 converter · 1 energy storage · 2 con turret

    The example game in this phase · 123 steps
    1. SupporterGunboat
    2. Radar TowerRadar Tower
    3. Mex
    4. SupporterGunboat ×10
    5. Mex
    6. OppressorDestroyerdone 6:20 · typical 5:51
    7. Naval Radar / Sonar TowerNaval Radar / Sonar Tower
    8. Geothermal PowerplantGeodone 8:43 · typical 8:00
    9. HerringMissile corvette ×2
    10. OrcaSubmarinedone 7:16 · typical 4:19
    11. Mex ×2
    12. Radar TowerRadar Tower
    13. OrcaSubmarine
    14. ThistleThistle
    15. Naval Radar / Sonar TowerNaval Radar / Sonar Tower
    16. ThistleThistle
    17. RiptideFrigatedone 8:11 · typical 4:35
    18. GuardGuard ×2
    19. Advanced Metal ExtractorT2 mexdone 8:59 · typical 9:22
    20. RiptideFrigate
    21. GuardGuard
    22. Mex
    23. GuardGuard
    24. Con turret
    25. RiptideFrigate
    26. Mex
    27. Advanced Metal ExtractorT2 mex
    28. RiptideFrigate
    29. Construction ShipCon ship
    30. Naval Radar / Sonar TowerNaval Radar / Sonar Tower
    31. OppressorDestroyer
    32. Advanced Metal ExtractorT2 mex
    33. Con turret
    34. Tidal
    35. Mex
    36. Tidal
    37. OppressorDestroyer
    38. Tidal
    39. Advanced Metal ExtractorT2 mex
    40. Tidal
    41. Naval Construction Turret
    42. Con turret
    43. Tidal
    44. Advanced Metal ExtractorT2 mex
    45. Con turret
    46. Tidal
    47. Wind
    48. Con turret
    49. Tidal
    50. Advanced Metal ExtractorT2 mex
    51. Wind
    52. Con turret
    53. Naval Construction Turret
    54. Wind
    55. Bot LabBot Labfor Ponddone 11:39
    56. Tidal
    57. Wind
    58. Bot LabBot Labfor Ponddone 11:46
    59. Tidal
    60. Wind
    61. Naval Construction Turret
    62. GruntGrunt ×2
    63. Tidal
    64. GruntGrunt ×3
    65. Wind
    66. GruntGrunt ×2
    67. Con turret
    68. GruntGrunt
    69. Naval Construction Turret
    70. GruntGrunt ×5
    71. Tidal
    72. GruntGrunt ×3
    73. Naval Construction Turret
    74. GruntGrunt ×4
    75. GruntGruntfor Pond
    76. Naval Construction Turret
    77. GruntGruntfor Pond
    78. Wind
    79. Tidal
    80. Wind
    81. Tidal
    82. Wind
    83. Advanced ShipyardAdvanced Shipyarddone 13:26
    84. Wind ×2
    85. Tidal
    86. Advanced Geothermal PowerplantAdvanced Geothermal Powerplantdone 14:03
    87. Wind
    88. Tidal
    89. Wind
    90. Naval Construction Turret
    91. Wind
    92. PhantasmRadar jammer ship
    93. Advanced Construction SubAdvanced Construction Sub
    94. Wind
    95. Tidal
    96. Advanced Metal ExtractorT2 mex
    97. Wind
    98. Tidal
    99. Wind
    100. PathfinderPathfinder
    101. Wind
    102. Naval Advanced Metal ExtractorNaval Advanced Metal Extractordone 14:39
    103. PathfinderPathfinder
    104. Tidal
    105. Wind ×2
    106. PathfinderPathfinder
    107. Tidal
    108. Wind
    109. Tidal
    110. Wind
    111. Energy storage
    112. Wind
    113. Wind
    114. Advanced Metal ExtractorT2 mex
    115. Tidal
    116. Wind
    117. Naval Advanced Metal ExtractorNaval Advanced Metal Extractor
    118. Wind
    119. Wind
    120. Tidal
    121. DespotBattleshipnot finished by 15:00
    122. Wind
    123. Wind

Counts are medians over the build's games: half of them build more, half fewer. The example game is RitualMurder's (37 OS, 08/09/2026); pick another.

Team trades

IN AT LEAST 30% OF ITS GAMES

You hand over

  • Wind Turbine2 Wind to Airfirst at 1:47 · in 73% of games

You get

  • Finch1 Finch from Airfirst at 1:51 · in 82% of games
  • Hercules1 Light transport from Airfirst at 2:00 · in 75% of games
  • Advanced Construction Bot1 T2 con bot from Techfirst at 7:44 · in 89% of games

How it plays out

Typical game of this build, running totals by minute

Metal produced

010k20k30k
0:005:0010:0015:00

metal

Enemy metal destroyed

05k10k
0:005:0010:0015:00

metal

Own metal lost

02.5k5k7.5k
0:005:0010:0015:00

metal

1005 games.

Show as table
ByMetal produced: This buildEnemy metal destroyed: This buildOwn metal lost: This build
1:0039700
2:0092800
3:00157100
4:002914051
5:00411013052
6:005467440232
7:006953931547
8:0086241570891
9:001051024401344
10:001264436272050
11:001523749202921
12:001815364203827
13:002150674134511
14:002505786485441
15:002879297896342
WHAT THE NUMBERS SAY

Standard Cortex geo sea sits at an even 50% win rate, trading a slower start for a big resource lead by 15:00.

  • + Metal produced hits 28451 by 15:00, well above both front roles
  • + Own metal lost stays far below enemy metal destroyed at every checkpoint
  • − Only 50% team win rate, the lowest of these six builds
  • − T2 factory only completes in 40% of games by 12:53
THE EXAMPLE YOU ARE READING

RitualMurder

37.4 OS · 08/09/2026

Open source match ↗

5 received units · includes a constructor
158 metal received · 119989 energy received

Allied construction assistance is unknown. Timings are observations, not a promise of solo reproducibility.

Typical milestones

Bot Lab1:12Middle 50%: 1:06–1:26 · n=999
Shipyard3:17Middle 50%: 3:03–3:33 · n=1000
Orca4:19Middle 50%: 3:53–4:59 · n=686
Riptide4:35Middle 50%: 4:08–5:20 · n=977
Oppressor5:51Middle 50%: 5:08–6:32 · n=912
Geothermal Powerplant8:00Middle 50%: 7:01–8:58 · n=605
Advanced Metal Extractor9:22Middle 50%: 8:45–10:10 · n=861

Played most by

sirniho119games of this buildOptimusprimenutt78games of this buildSHOGVN74games of this buildPRO_Rerory46games of this buildhihimik41games of this build